 Dungeon Crawl Stone Soup version 0.31.0-9-g3a7656b989 (webtiles) character file.

Game seed: 5338274922972720574

434 Killerpretzel the Changeling (level 7, 0/46 HPs)
             Began as an Octopode Shapeshifter on Feb 6, 2024.
             Succumbed to a kobold brigand's poison
             ... on level 3 of the Dungeon.
             The game lasted 00:09:53 (3358 turns).

Killerpretzel the Changeling (OpSh)                 Turns: 3358, Time: 00:09:53

Health: 0/46       AC:  1    Str: 14    XL:     7   Next: 0%
Magic:  7/7        EV: 14    Int: 12    God:
Gold:   176        SH:  0    Dex: 13    Spells: 6/6 levels left

rFire   . .          .
                       - Unarmed
rCold   . . .        (no shield)
rNeg    + . .        (helmet currently unavailable)
rPois   .            (no amulet)
rElec   .            e - ring of positive energy
rCorr   .            (no ring)
SInv    .            (no ring)
Will    .....        (no ring)
Stlth   +++          (no ring)
HPRegen 0.27/turn    (no ring)
MPRegen 0.10/turn    (no ring)
                     (no ring)

%: no passive effects
@: lethally poisoned (0 -> -3), beast-form
A: beast (slay +2), almost no armour, amphibious, 8 rings, camouflage 1,
gelatinous body 1, nimble swimmer 1, tentacles
a: Begin Untransformation


You were on level 3 of the Dungeon.
You were a hulking beast.
You visited 1 branch of the dungeon, and saw 3 of its levels.

You collected 176 gold pieces.

Inventory:

Jewellery
 e - a ring of positive energy (left tentacle)
Talismans
 b - a beast talisman
 c - a flux talisman
Scrolls
 d - 2 scrolls of identify
 k - a scroll of enchant armour {unknown}
Potions
 a - 2 potions of lignification
 f - a potion of resistance {unknown}
 g - a potion of ambrosia {unknown}
 h - 2 potions of attraction
 i - a potion of curing {unknown}
 j - a potion of heal wounds {unknown}


   Skills:
 + Level 3.1 Fighting
 + Level 3.7 Dodging
 + Level 4.2 Unarmed Combat
 * Level 5.0 Shapeshifting


You had 6 spell levels left.
You didn't know any spells.
Your spell library was empty.

Dungeon Overview and Level Annotations

Branches:
Dungeon (3/15)

Altars:

Annotations:
D:3 2 transporters, exclusion: 4 doors, mojasp's ghost, amateur DsNe


Innate Abilities, Weirdness & Mutations

You are a hulking beast.
Your limbs bulge with bestial killing power. (Slay +2)
You cannot wear most types of armour.
You are amphibious.
You can wear up to eight rings at the same time.
Your skin changes colour to match your surroundings (Stealth+).
Your rubbery body absorbs attacks. (AC +1, EV +1)
You are camouflaged when in or above water. (Stealth+)
You have tentacles for arms and can constrict up to eight enemies at once.


Message History

The kobold brigand throws a poisoned dart.
The poisoned dart barely misses you.
You feel sick.
You feel sick.
You feel sick.
The kobold brigand throws a poisoned dart.
The poisoned dart closely misses you.
You feel sick.
You are no longer poisoned.
You closely miss the orc. You grab the orc.
You constrict the orc, but do no damage.
There are monsters nearby!
You tentacle-slap the orc. You squeeze the orc.
You kill the orc!
You hear a splash. x2
There are monsters nearby!
The gnoll hits you from afar with a +0 spear!
You are too injured to fight recklessly!
There are monsters nearby!
The gnoll attacks as it pursues you! The gnoll closely misses you.
The kobold brigand throws a poisoned dart.
The poisoned dart closely misses you.
The kobold brigand throws a poisoned dart.
The poisoned dart misses you.
The kobold brigand throws a poisoned dart.
The poisoned dart hits you!
You are poisoned.
You feel sick.
The gnoll hits you from afar with a +0 spear!
* * * LOW HITPOINT WARNING * * *
You would drown in your new form.
You closely miss the kobold brigand. You grab the kobold brigand.
The kobold brigand is heavily wounded.
You constrict the kobold brigand.
You feel sick.
The gnoll hits you from afar with a +0 spear.
* * * LOW HITPOINT WARNING * * *
You release your grip on the kobold brigand.
* * * LOW HITPOINT WARNING * * *
You feel sick.
You die...

#.P..≈~~.# #....~≈≈.#'## .
#..).≈≈~.#... .
#....≈≈~.#.. #..
#....~≈###'# #..
#...P~≈#...#############''
#....~≈#gog#..............
#....~≈#####≈g≈)~≈)~~)~~..
#....~≈≈≈h≈≈≈≈≈≈≈~~≈≈≈≈~..
#P...~~≈~~≈K)~~~~)~~~~~~..
#....)..................).
#########################.
#.. ######.#
##########...))..
#......##.#.####>
#.#......###.# #.


You could see a kobold brigand, 3 gnolls and an orc.

Vanquished Creatures
  4 howler monkeys (D:3)
  Terence (D:2)
  Natasha (thrice) (D:2)
  4 gnolls (D:3)
  6 adders
  5 orcs (D:3)
  6 bats
  6 endoplasms
  5 giant cockroaches
  6 goblins
  6 hobgoblins
  12 jackals
  4 quokkas
  7 ball pythons
  2 frilled lizards
  7 kobolds
  3 rats
87 creatures vanquished.

Notes
Turn   | Place    | Note
-------+----------+-------------------------------------------
     0 | D:1      | Killerpretzel the Octopode Shapeshifter began the quest for
                  | the Orb.
     0 | D:1      | Reached XP level 1. HP: 13/13 MP: 1/1
   225 | D:1      | Reached XP level 2. HP: 17/18 MP: 2/2
   790 | D:1      | Reached XP level 3. HP: 23/23 MP: 3/3
   979 | D:2      | Noticed Terence
   992 | D:2      | Killed Terence
  1149 | D:2      | Reached XP level 4. HP: 26/29 MP: 4/4
  1759 | D:2      | Noticed Natasha
  1766 | D:2      | Killed Natasha
  1767 | D:2      | Reached skill level 4 in Shapeshifting
  1768 | D:2      | Reached XP level 5. HP: 14/34 MP: 5/5
  2250 | D:2      | Noticed Natasha
  2260 | D:2      | Killed Natasha
  2518 | D:2      | Noticed Natasha
  2520 | D:2      | Killed Natasha
  2547 | D:3      | Found a transporter.
  2679 | D:3      | Found a transporter.
  2680 | D:3      | Noticed mojasp's ghost (amateur DsNe)
  2776 | D:3      | Found a faded altar of an unknown god.
  2872 | D:3      | Reached XP level 6. HP: 36/41 MP: 6/6
  3299 | D:3      | Reached skill level 5 in Shapeshifting
  3329 | D:3      | Reached XP level 7. HP: 41/46 MP: 7/7
  3356 | D:3      | HP: 1/46 [gnoll/+0 spear (6)]
  3358 | D:3      | Succumbed to a kobold brigand's poison

Illustrated notes

Levels and vault maps discovered:
D:1:      spicycebolla_arrival_xxxplode, layout_basic
D:2:      layout_basic, minmay_pentomino_v4, uniq_natasha, uniq_terence
D:3:      lemuel_castle_with_subvaults [lemuel_castle_interior_carwin_2],
          layout_loops_cross, nicolae_sif_muna_little_library,
          ebering_ecumenical_altar_box, portal_sewer_entry_d,
          gammafunk_ghost_stat_death

Skill      XL: |  1  2  3  4  5  6 |
---------------+-------------------+-----
Fighting       | 2 3 |  3.1
Shapeshifting  | 4 5 |  5.0
Dodging        | 3 |  3.7
Unarmed Combat | 4 |  4.2

Action                     |  1- 3 |  4- 6 |  7- 9 || total
---------------------------+-------+-------+-------++-------
  Melee: Unarmed           |    63 |   123 |     6 ||   192
         Constrict         |    15 |    34 |     3 ||    52
         Tentacles         |    15 |    27 |     3 ||    45
         Punch             |       |     5 |       ||     5
    Use: Potion            |     1 |       |       ||     1
         Scroll            |       |     4 |       ||     4
   Stab: Sleeping          |     3 |     7 |       ||    10
 Armour: Skin              |    31 |    53 |     4 ||    88
  Dodge: Dodged            |    44 |    65 |     6 ||   115
